Unix NetHack Version 5.0.0-0 post-release - last build May 10 2026 23:12:36 (d1fa5d53e341ca933230fdaa984d921c805b60aa,branch:main).

Game began 2026-05-13 18:56:11, ended 2026-05-13 19:26:52.

Drastanta, neutral male gnomish Healer

                                     .--
                                     -<|.   G
                                     |...d.
                                     |..f@.
                                      -.---
                                      ---

Drastanta the Empiric        St:14 Dx:9 Co:13 In:14 Wi:14 Ch:16  Neutral
Dlvl:6  $:1851 HP:0(41) Pw:25(33) AC:8  Xp:3 T:1970 

Latest messages:
 The cave spider bites!
 The giant rat bites!
 You kill the giant rat!
 The cave spider bites!
 You hit the cave spider.
 The cave spider bites!
 You miss the cave spider.
 The cave spider bites!
 You miss the cave spider.
 The cave spider bites!
 You hit the cave spider.
 The cave spider bites!
 You hit the cave spider.
 The cave spider bites!
 You kill the cave spider!
 The little dog misses the cave spider.
 The dwarf wields a pick-axe.
 The little dog misses the cave spider.
 You see the cave spider hide under a dart.
 The cave spider emerges from hiding.
 The little dog bites the cave spider.
 The cave spider is killed!
 You descend the stairs.
 You stop.  Your little dog is in the way!
 You hear some noises.
 What do you want to use or apply? [cg-jlo-suvL or ?*] ?
 Never mind.
 The kitten bites!
 You hit the kitten.
 The kitten bites!
 You miss the kitten.
 The kitten bites!
 The kitten bites!
 You hit the kitten.
 The kitten bites!
 The kitten bites!
 You miss the kitten.
 The kitten bites!
 The kitten bites!
 In what direction? <esc>
 The magical energy is released!
 The kitten looks better.
 The little dog bites the kitten.
 The kitten bites!
 You die...
 Do you want your possessions identified? [ynq] (y) y
 Do you want to see your attributes? [ynq] (y) y
 Do you want an account of creatures vanquished? [ynaq] (y) y
 Do you want to see your conduct and achievements? [ynq] (y) y
 Do you want to see the dungeon overview? [ynq] (y) y

Inventory:
 Coins    ('$')
  $ - 1851 gold pieces
 Amulets  ('"')
  n - an uncursed amulet of magical breathing
 Weapons  (')')
  a - a +0 scalpel (weapon in left hand)
 Armor    ('[')
  b - an uncursed +1 pair of leather gloves (being worn)
  I - an uncursed +0 pair of elven boots
 Comestibles  ('%')
  k - 4 uncursed apples
  M - an uncursed food ration
 Spellbooks  ('+')
  s - an uncursed spellbook of confuse monster
  L - an uncursed spellbook of detect monsters
  o - an uncursed spellbook of detect treasure
  i - a blessed spellbook of extra healing
  h - a blessed spellbook of healing
  v - an uncursed spellbook of knock
  u - an uncursed spellbook of sleep
  j - a blessed spellbook of stone to flesh
 Potions  ('!')
  A - an uncursed potion of acid
  E - an uncursed potion of blindness
  D - an uncursed potion of booze
  y - an uncursed potion of confusion
  B - an uncursed potion of restore ability
  x - an uncursed potion of sleeping
  C - an uncursed potion of speed
  F - 2 uncursed potions of water
 Wands    ('/')
  r - a wand of fire (0:7)
  p - a wand of magic missile (0:7)
  g - a wand of sleep (0:8)
  q - a wand of teleportation named Canc TP invis (0:2)
 Tools    ('(')
  c - an uncursed stethoscope
  l - an uncursed tin whistle

Drastanta the Healer's attributes:

Background:
 You were an Empiric, a level 3 male gnomish Healer.
 You were neutral, nominally on a mission for Hermes
 who was opposed by Athena (lawful) and Poseidon (chaotic).
 You were left-handed.
 You were in the Gnomish Mines, on level 6.
 You entered the dungeon 1970 turns ago.
 You had 53 experience points, 27 more were needed to attain level 4.

Basics:
 You had 0 out of 41 hit points.
 You had 25 out of 33 energy points (spell power).
 Your armor class was 8.
 Your wallet contained 1851 zorkmids.
 Autopickup was off.

Final Characteristics:
 Your strength was 14 (limit:18/50).
 Your dexterity was 9 (limit:18).
 Your constitution was 13 (limit:18).
 Your intelligence was 14 (limit:19).
 Your wisdom was 14 (limit:18).
 Your charisma was 16 (limit:18).

Final Status:
 You weren't hungry.
 You were unencumbered.
 You were wielding a knife.
 You had basic skill with knife.

Final Attributes:
 You were devoutly aligned.
 You were poison resistant.
 You had infravision.
 You are dead.

Miscellaneous:
 You didn't encounter any bones levels.
 Total elapsed playing time was 30 minutes and 40 seconds.

Major events:
 Turn
    1: Drastanta the neutral male gnomish Healer entered the dungeon
 1757: attained the rank of Empiric (level 3)
 1912: entered the Gnomish Mines
 1970: killed by a kitten

Spells:
 Name                 Level Category     Fail Retention
 healing                1   healing        0%  91%-100%
 extra healing          3   healing        0%  91%-100%
 stone to flesh         3   healing       16%  91%-100%

Skills:
 Fighting Skills
   bare handed combat [Unskilled]
 Weapon Skills
   dagger             [Unskilled]
   knife              [Basic]
   short sword        [Unskilled]
   saber              [Unskilled]
   club               [Unskilled]
   mace               [Unskilled]
   quarterstaff       [Unskilled]
   polearms           [Unskilled]
   spear              [Unskilled]
   trident            [Unskilled]
   sling              [Unskilled]
   dart               [Unskilled]
   shuriken           [Unskilled]
   unicorn horn       [Unskilled]
 Spellcasting Skills
   healing spells     [Basic]

Voluntary challenges:
 Character rerolling was not enabled.
 You were an atheist.
 You never genocided any monsters.
 You never polymorphed an object.
 You never changed form.
 You used no wishes.
Achievements:
 You entered a shop.
 You attained the rank of Empiric.
 You entered the Gnomish Mines.

 The Dungeons of Doom: levels 1 to 4
    Level 1:
    Level 2:
    Level 3:
       A potion shop, a fountain, a sink.
    Level 4:
       A fountain, a grave.
       Stairs down to The Gnomish Mines.
 The Gnomish Mines: levels 5 to 6
    Level 5:
    Level 6: <- You were here.
       Final resting place for
          you, killed by a kitten.


Vanquished creatures:
 an iguana
 an acid blob
  a hobbit
  2 giant rats
  3 cave spiders
  4 geckos
  6 jackals
  3 foxes
  2 kobolds
  a goblin
  a sewer rat
  2 grid bugs
  a lichen
  a kobold zombie
  7 newts
36 creatures vanquished.

No species were genocided or became extinct.

Game over:
                       ----------
                      /          \
                     /    REST    \
                    /      IN      \
                   /     PEACE      \
                  /                  \
                  |    Drastanta     |
                  |     1851 Au      |
                  |   killed by a    |
                  |      kitten      |
                  |                  |
                  |                  |
                  |       2026       |
                 *|     *  *  *      | *
        _________)/\\_//(\/(/\)/\//\/|_)_______

Goodbye Drastanta the Healer...

You died in The Gnomish Mines on dungeon level 6 with 499 points,
and 1851 pieces of gold, after 1970 moves.
You were level 3 with a maximum of 41 hit points when you died.

